 Dungeon Crawl Stone Soup version 0.28-a0-407-g69098e2f6d (webtiles) character file.

Game seed: 13792297425898851666

61437 rogsnak the Destroyer (level 14, -2/96 HPs)
             Began as a Demonspawn Fire Elementalist on Sept 3, 2021.
             Was the Champion of Kikubaaqudgha.
             Slain by a komodo dragon (19 damage)
             ... on level 2 of the Lair of Beasts on Sept 6, 2021.
             The game lasted 01:33:49 (24598 turns).

rogsnak the Destroyer (DsFE)                       Turns: 24598, Time: 01:33:50

Health: -2/96      AC: 18    Str:  9    XL:     14   Next: 60%
Magic:  0/30       EV: 14    Int: 27    God:    Kikubaaqudgha [******]
Gold:   1791       SH: 11    Dex: 14    Spells: 19/37 levels left

rFire   . . .      SeeInvis +   z - +9 dagger of Harmony {venom, Fly}
rCold   . . .      Faith    .   w - +2 buckler
rNeg    . . .      Spirit   +   F - +2 robe {Archmagi}
rPois   +          Reflect  .   R - +2 hat {SInv}
rElec   .          Harm     .   o - +2 cloak
rCorr   .          Rampage  .   (no gloves)
Will    +....      Archmagi +   (boots unavailable)
Stlth   ++........              V - amulet of regeneration
HPRegen 1.26/turn               G - ring of poison resistance
MPRegen 0.44/turn               Z - +6 ring of intelligence

@: sanguine armoured, flying
A: hooves 3, augmentation 1, magic shield, magic regeneration, sanguine armour
2, condensation shield
a: Renounce Religion, Receive Corpses, Torment


You were on level 2 of the Lair of Beasts.
You worshipped Kikubaaqudgha.
Kikubaaqudgha was exalted by your worship.
You visited 4 branches of the dungeon, and saw 19 of its levels.
You also visited: Bailey.

You collected 1791 gold pieces.

Inventory:

Hand Weapons
 l - a +2 scimitar of flaming
 s - a +1 long sword of electrocution
 z - the +9 dagger of Harmony (weapon) {venom, Fly}
   (You found it on level 4 of the Dungeon)

   It poisons the flesh of those it strikes.
   Fly:       It grants you flight.
 P - the +8 whip "Geriru" {freeze, rPois Int+4}
   (You took it off an orc on level 8 of the Dungeon)

   It freezes those it strikes, dealing additional cold damage.
   It can also slow down cold-blooded creatures.
   Int:       It affects your intelligence (+4).
   rPois:     It protects you from poison.
 T - a +3 dagger of distortion
 U - the +7 war axe of Equivalence {drain, rC- Int+6}
   (You found it on level 10 of the Dungeon)

   A truly terrible weapon, it drains the life of any living foe it strikes.
   Int:       It affects your intelligence (+6).
   rC:        It makes you vulnerable to cold.
 W - a +0 dagger of pain
Missiles
 E - 13 boomerangs of dispersal
 J - 29 boomerangs
 N - a curare-tipped dart
 S - 17 poisoned darts
 Y - 7 javelins (quivered)
Armour
 c - a +2 robe of cold resistance
 o - a +2 cloak (worn)
 w - a +2 buckler (worn)
 D - a +0 troll leather armour
 F - a +2 robe of the Archmagi (worn)
 R - a +2 hat of see invisible (worn)
 X - a +0 leather armour of poison resistance
Jewellery
 b - a ring of positive energy
 h - a ring of protection from fire
 j - a ring of flight
 C - a ring of ice
 G - a ring of poison resistance (left hand)
 V - an amulet of regeneration (around neck)
 Z - a +6 ring of intelligence (right hand)
Wands
 e - a wand of mindburst (37)
 v - a wand of charming (6)
 y - a wand of flame (48)
Scrolls
 d - 2 scrolls of brand weapon {unknown}
 f - 5 scrolls of enchant armour
 g - a scroll of fear
 i - 5 scrolls of blinking {unknown}
 m - 6 scrolls of teleportation
 q - a scroll of immolation
 r - 4 scrolls of enchant weapon {unknown}
 t - a scroll of silence
 H - 4 scrolls of magic mapping {unknown}
 L - a scroll of fog
Potions
 a - a potion of haste
 k - 4 potions of ambrosia {unknown}
 n - 2 potions of heal wounds {unknown}
 p - a potion of magic
 u - 4 potions of might
 x - 2 potions of berserk rage
 A - 12 potions of curing
 B - 2 potions of resistance {unknown}
 I - 2 potions of brilliance {unknown}
 K - 2 potions of mutation
 M - a potion of cancellation
 O - 3 potions of invisibility {unknown}
 Q - 4 potions of flight {unknown}


   Skills:
 + Level 4.3 Fighting
 + Level 0.7 Throwing
 + Level 2.7 Armour
 + Level 6.0 Dodging
 - Level 1.8 Stealth
 + Level 3.3 Shields
 + Level 12.4 Spellcasting
 + Level 13.9 Conjurations
 * Level 7.9 Necromancy
 + Level 10.9 Fire Magic
 - Level 1.1 Air Magic
 + Level 4.0 Earth Magic
 - Level 1.0 Poison Magic
 + Level 2.3 Evocations


You had 19 spell levels left.
You knew the following spells:

 Your Spells              Type           Power      Damage    Failure   Level
a - Foxfire               Conj/Fire      100%       2x1d9     1%          1
b - Sticky Flame          Conj/Fire      90%        2d10      1%          4
c - Fireball              Conj/Fire      45%        3d18      1%          5
d - Mephitic Cloud        Conj/Pois/Air  62%        N/A       1%          3
e - Borgnjor's Vile Clut  Necr/Erth      32%        N/A       9%          5

Your spell library contained the following spells:

 Spells                   Type           Power      Damage    Failure   Level
 Magic Dart               Conj           100%       1d8       0%          1
 Animate Skeleton         Necr           100%       N/A       1%          1
 Pain                     Necr           100%       1d9       1%          1
 Scorch                   Fire           100%       2d10      1%          2
 Sublimation of Blood     Necr           37%        N/A       1%          2
 Conjure Flame            Conj/Fire      90%        6-21      1%          3
 Inner Flame              Hex/Fire       62%        N/A       1%          3
 Vampiric Draining        Necr           37%        2d11      1%          3
 Animate Dead             Necr           37%        N/A       1%          4
 Dispel Undead            Necr           74%        3d25      1%          4
 Corona                   Hex            27%        N/A       3%          1
 Summon Small Mammal      Summ           100%       N/A       3%          1
 Excruciating Wounds      Necr           37%        N/A       3%          5
 Call Imp                 Summ           25%        N/A       5%          2
 Ensorcelled Hibernation  Hex/Ice        50%        N/A       5%          2
 Slow                     Hex            25%        N/A       5%          2
 Wereblood                Tmut           25%        N/A       5%          2
 Spider Form              Tmut/Pois      14%        N/A       9%          3
 Call Canine Familiar     Summ           25%        N/A       11%         3
 Confusing Touch          Hex            25%        N/A       11%         3
 Gell's Gravitas          Tloc           12%        N/A       11%         3
 Portal Projectile        Hex/Tloc       50%        N/A       11%         3
 Summon Guardian Golem    Hex/Summ       25%        N/A       11%         3
 Teleport Other           Tloc           25%        N/A       11%         3
 Tukima's Dance           Hex            25%        N/A       11%         3
 Leda's Liquefaction      Hex/Erth       20%        N/A       16%         4
 Death Channel            Necr           37%        N/A       22%         6
 Dispersal                Tloc           12%        N/A       99%         6
 Haunt                    Necr/Summ      27%        N/A       99%         7
 Summon Hydra             Summ           12%        N/A       100%        7
 Borgnjor's Revivificati  Necr           37%        N/A       100%        8
 Infestation              Necr           37%        N/A       100%        8
 Necromutation            Tmut/Necr      27%        N/A       100%        8
 Death's Door             Necr           37%        N/A       100%        9


Dungeon Overview and Level Annotations

Branches:
Dungeon (14/15)            Temple (1/1) D:5            Lair (2/6) D:9
    Orc (2/2) D:11            Elf (0/3) Orc:2        Vaults (0/5) D:14
 Bailey (visited)
  Swamp: Lair:2-4    Shoals: Lair:2-4     Snake: Lair:2-4    Spider: Lair:2-4

Altars:
Ashenzari
Cheibriados
Dithmenos
Elyvilon
Fedhas
Gozag
Hepliaklqana
Kikubaaqudgha
Makhleb
Nemelex Xobeh
Okawaru
Qazlal
Ru
Sif Muna
Trog
Uskayaw
Vehumet
Wu Jian
Xom
Yredelemnul
Zin
The Shining One

Shops:
Orc:2 (*!!

Portals:
Abyss: D:13
Trove: D:12 (give +6 demon trident)

Annotations:
D:13 2 transporters


Innate Abilities, Weirdness & Mutations

You have hooves in place of feet.
Your magical and physical power is slightly enhanced at high health.
When hurt, damage is shared between your health and your magic reserves.
You regenerate magic rapidly.
When seriously injured, your bleeding wounds create thick armour. (AC +9)
A meltable shield of frost defends you. (SH +4)


Message History

You block the komodo dragon's attack. The water moccasin closely misses you.
The water moccasin bites you but does no damage.
You block the water moccasin's attack. The water moccasin bites you!
You block the komodo dragon's attack. The water moccasin closely misses you.
You block the water moccasin's attack. The komodo dragon bites you!!
* * * LOW HITPOINT WARNING * * *
The water moccasin barely misses you. x2
The water moccasin misses you. You block the komodo dragon's attack.
You block the water moccasin's attack. You block the water moccasin's attack.
The water moccasin bites you but does no damage.
The komodo dragon bites you but does no damage.
The water moccasin bites you but does no damage.
The water moccasin closely misses you. The komodo dragon bites you!
* * * LOW HITPOINT WARNING * * *
The water moccasin bites you but does no damage.
You block the water moccasin's attack.
You block the water moccasin's attack. x2
You block the komodo dragon's attack. The water moccasin closely misses you.
You block the water moccasin's attack.
The komodo dragon completely misses you.
You block the water moccasin's attack. x2
You block the water moccasin's attack. The komodo dragon barely misses you.
You block the water moccasin's attack. You block the water moccasin's attack.
The water moccasin bites you.
* * * LOW HITPOINT WARNING * * *
The komodo dragon bites you!
* * * LOW HITPOINT WARNING * * *
The water moccasin barely misses you. x2
You block the komodo dragon's attack. The water moccasin barely misses you.
The water moccasin completely misses you.
The water moccasin bites you.
* * * LOW HITPOINT WARNING * * *
You block the water moccasin's attack. You block the komodo dragon's attack.
The water moccasin bites you.
* * * LOW HITPOINT WARNING * * *
The water moccasin closely misses you. The komodo dragon bites you!!
You die...
Kikubaaqudgha rasps: "You have failed me!
Welcome... death!"

.(....#.### .. ......###
##....##.. ... #......#
?...+... . .... P......#
....P..... ....#
......## ##.........
#... #.....# #.........#
.#... ......###
####P...#....# .....
........###.#P.l.......#
.....
...............S@.# #...
#...............S.#..
#.#.
##.....................
#.
#...........>..P.##...
#.
#..................P...
..#
#...#.###..#...P.......
...
#.#.........#..........
... .
#.........=....$...P..
.P ..
#..............#......


You could see a komodo dragon and 2 water moccasins.

Vanquished Creatures
  Gastronok (D:8)
  The ghost of Rushing the Thrower, a journeyman OgHu of Okawaru (D:13)
  Snorg (D:11)
  2 boulder beetles
  A rakshasa (D:13)
  A catoblepas (D:13)
  3 hydras
  An ogre mage (D:14)
  A death knight (D:13)
  3 centaur warriors
  5 two-headed ogres
  A tengu warrior (D:12)
  6 orc high priests (Orc:2)
  A deep elf knight (D:13)
  Nergalle (Lair:1)
  A sea snake (shapeshifter) (D:13)
  A skeletal warrior (D:14)
  A glowing orange brain (D:13)
  10 orc knights
  7 ugly things
  4 deep elf pyromancers
  An orc sorcerer (Orc:2)
  5 cyclopes
  A worldbinder (D:13)
  An elephant (D:9)
  Maurice (D:10)
  4 centaur skeletons (D:14)
  2 unseen horrors
  3 cane toads
  2 gargoyles
  Psyche (D:10)
  4 komodo dragons
  4 trolls
  2 hornets
  2 large abominations (D:13)
  5 slime creatures
  A vampire (D:12)
  3 wraiths
  38 yaks
  2 wyverns
  Eustachio (D:4)
  9 vampire mosquitoes
  5 basilisks
  A warg (Orc:1)
  2 acid dragons
  3 water moccasins
  59 orc warriors
  An ice beast (D:5)
  2 black bears
  7 ogres
  2 necrophages (D:6)
  A boggart (D:14)
  9 centaurs
  4 kobold brigands
  A gnoll sergeant (D:9)
  4 bullfrogs
  A wyvern zombie (D:5)
  3 scorpions
  2 wyvern skeletons (D:7)
  14 killer bees
  5 electric eels
  4 wights
  3 centaur zombies
  A bullfrog zombie (D:6)
  4 hounds
  31 orc priests
  A gnoll shaman (D:7)
  A jelly (D:4)
  28 orc wizards
  A hound skeleton (D:4)
  2 howler monkey zombies
  7 gnolls
  A howler monkey skeleton (D:6)
  10 adders
  2 shadow imps
  A white imp (D:8)
  3 worms
  A dart slug (D:2)
  104 orcs
  7 endoplasms
  2 giant cockroaches
  13 goblins
  5 hobgoblins
  4 jackals (D:2)
  3 quokkas
  7 ball pythons
  6 bats
  4 frilled lizards
  20 kobolds
  4 rats
551 creatures vanquished.

Vanquished Creatures (collateral kills)
  4 foxfires
4 creatures vanquished.

Vanquished Creatures (others)
  An ugly thing (D:12)
  An efreet (D:12)
  1290 foxfires
  8 fungi
  12 plants
1312 creatures vanquished.

Grand Total: 1867 creatures vanquished

Notes
Turn   | Place    | Note
-------+----------+-------------------------------------------
     0 | D:1      | rogsnak the Demonspawn Fire Elementalist began the quest
                  | for the Orb.
     0 | D:1      | Reached XP level 1. HP: 13/13 MP: 3/3
   275 | D:1      | Gained mutation: A meltable shield of frost defends you.
                  | (SH +4) [demonic ancestry]
   275 | D:1      | Reached XP level 2. HP: 13/19 MP: 0/5
   948 | D:2      | Found a shimmering altar of Xom.
  1075 | D:2      | Gained mutation: You have large cloven feet. [demonic
                  | ancestry]
  1075 | D:2      | Reached XP level 3. HP: 24/24 MP: 0/6
  1342 | D:2      | Reached skill level 2 in Conjurations
  1469 | D:2      | You are sucked into a shaft and drop 1 floor!
  1932 | D:2      | Gained mutation: When seriously injured, your bleeding
                  | wounds create armour. (AC +9) [demonic ancestry]
  1932 | D:2      | Reached XP level 4. HP: 29/30 MP: 4/7
  2294 | D:2      | Found a faded altar of an unknown god.
  2475 | D:2      | Learned a level 4 spell: Sticky Flame
  3847 | D:4      | Gained mutation: When seriously injured, your bleeding
                  | wounds create thick armour. (AC +9) [demonic ancestry]
  3847 | D:4      | Reached XP level 5. HP: 35/35 MP: 5/9
  3883 | D:4      | Reached skill level 3 in Conjurations
  4078 | D:4      | Noticed Eustachio
  4089 | D:4      | Killed Eustachio
  4090 | D:4      | Reached skill level 4 in Conjurations
  4090 | D:4      | Gained mutation: You have hoof-like feet. [demonic
                  | ancestry]
  4090 | D:4      | Reached XP level 6. HP: 42/42 MP: 2/11
  4219 | D:4      | Noticed an orc warrior
  4228 | D:4      | Identified the +9 dagger of Harmony {venom, Fly}
  4249 | D:3      | Killed an orc warrior
  4836 | D:5      | Entered Level 5 of the Dungeon
  4839 | D:5      | Reached XP level 7. HP: 47/47 MP: 10/12
  5072 | D:5      | Reached skill level 5 in Conjurations
  5079 | D:5      | Learned a level 5 spell: Fireball
  5259 | D:5      | Found a staircase to the Ecumenical Temple.
  5273 | Temple   | Entered the Ecumenical Temple
  5521 | Temple   | Became a worshipper of Kikubaaqudgha
  6109 | D:5      | Reached XP level 8. HP: 53/53 MP: 8/15
  6110 | D:5      | Reached skill level 6 in Conjurations
  6368 | D:6      | Reached skill level 1 in Shields
  6368 | D:6      | Reached skill level 5 in Fire Magic
  6482 | D:6      | Reached skill level 5 in Spellcasting
  6880 | D:6      | Reached skill level 7 in Conjurations
  7777 | D:7      | Learned a level 3 spell: Mephitic Cloud
  7871 | D:7      | Reached * piety under Kikubaaqudgha
  7871 | D:7      | Received a gift from Kikubaaqudgha
  7872 | D:7      | Reached skill level 1 in Fighting
  7872 | D:7      | Gained mutation: You have hooves in place of feet. [demonic
                  | ancestry]
  7872 | D:7      | Reached XP level 9. HP: 56/59 MP: 0/17
  8625 | D:8      | Identified the +8 whip "Geriru" {freeze, rPois Int+4}
  8819 | D:8      | Reached skill level 8 in Conjurations
  8906 | D:8      | Found a stormy altar of Qazlal.
  9425 | D:8      | Noticed Gastronok
  9472 | D:8      | Killed Gastronok
  9473 | D:8      | Reached skill level 9 in Conjurations
  9473 | D:8      | Reached skill level 1 in Evocations
  9473 | D:8      | Gained mutation: You regenerate magic rapidly. [demonic
                  | ancestry]
  9473 | D:8      | Reached XP level 10. HP: 40/67 MP: 7/20
 10205 | D:9      | Noticed a two-headed ogre
 10212 | D:9      | Killed a two-headed ogre
 10217 | D:9      | Noticed an elephant
 10267 | D:9      | Killed an elephant
 10387 | D:9      | Reached ** piety under Kikubaaqudgha
 10394 | D:9      | Found a staircase to the Lair.
 10431 | D:9      | Found a flagged portal.
 10484 | Bailey   | Entered a bailey
 10819 | Bailey   | Reached skill level 10 in Conjurations
 11820 | Bailey   | Noticed an orc knight
 11832 | Bailey   | Killed an orc knight
 11833 | Bailey   | Reached skill level 1 in Poison Magic
 11929 | Bailey   | Gained mutation: When hurt, damage is shared between your
                  | health and your magic reserves. [demonic ancestry]
 11929 | Bailey   | Reached XP level 11. HP: 30/72 MP: 21/23
 12320 | D:9      | Found a basalt altar of Yredelemnul.
 12325 | D:9      | Found a shimmering blue altar of Sif Muna.
 12443 | D:9      | Reached skill level 1 in Air Magic
 12828 | D:10     | Entered Level 10 of the Dungeon
 13169 | D:10     | Noticed Maurice
 13180 | D:10     | Killed Maurice
 13528 | D:10     | Reached *** piety under Kikubaaqudgha
 13528 | D:10     | Received a gift from Kikubaaqudgha
 13772 | D:10     | Found a sacrificial altar of Ru.
 13982 | D:10     | Noticed Psyche
 13989 | D:10     | Killed Psyche
 13990 | D:10     | Reached skill level 11 in Conjurations
 14041 | D:10     | Identified the +7 war axe of Equivalence {drain, rC- Int+6}
 14397 | D:11     | Upgraded the game from 0.28-a0-384-g9e0c098162 to
                  | 0.28-a0-390-gb254ac4902
 14597 | D:11     | Noticed an eight-headed hydra
 14698 | D:11     | Noticed Snorg
 14734 | D:11     | Killed Snorg
 14881 | D:11     | Learned a level 5 spell: Borgnjor's Vile Clutch
 14937 | D:11     | Killed an eight-headed hydra
 14946 | D:11     | Reached skill level 5 in Dodging
 14991 | D:11     | Found a staircase to the Orcish Mines.
 15015 | D:11     | Reached **** piety under Kikubaaqudgha
 15250 | D:11     | Reached XP level 12. HP: 72/81 MP: 12/25
 15687 | D:12     | Reached skill level 10 in Spellcasting
 15832 | D:12     | Found a portal to a secret trove of treasure.
 16154 | D:12     | Reached skill level 12 in Conjurations
 16154 | D:12     | Reached skill level 1 in Necromancy
 16156 | D:12     | Reached skill level 1 in Earth Magic
 16429 | D:12     | Noticed a tengu warrior
 16438 | D:12     | Killed a tengu warrior
 16563 | D:12     | Noticed a two-headed ogre
 16568 | D:12     | Killed a two-headed ogre
 16908 | D:13     | Noticed a centaur warrior
 16910 | D:13     | Noticed a centaur warrior
 16973 | D:13     | Noticed a seven-headed hydra
 16973 | D:13     | Noticed a two-headed ogre
 16989 | D:12     | Killed a seven-headed hydra
 17034 | D:13     | Killed a two-headed ogre
 17048 | D:13     | Noticed a catoblepas
 17074 | D:13     | Killed a catoblepas
 17175 | D:13     | Reached skill level 1 in Armour
 17305 | D:13     | Found a transporter.
 17357 | D:13     | Found a transporter.
 17357 | D:13     | Found a one-way gate to the infinite horrors of the Abyss.
 17357 | D:13     | Noticed Rushing's ghost (journeyman OgHu)
 17365 | D:13     | Noticed a hell hog
 17515 | D:13     | Noticed a rakshasa
 17573 | D:13     | Noticed an anaconda
 17617 | D:13     | Killed a rakshasa
 17618 | D:13     | Gained mutation: Your magical and physical power is
                  | slightly enhanced at high health. [demonic ancestry]
 17618 | D:13     | Reached XP level 13. HP: 88/88 MP: 12/27
 18641 | D:13     | Killed Rushing's ghost
 18720 | D:14     | Reached skill level 5 in Necromancy
 18731 | D:14     | Reached ***** piety under Kikubaaqudgha
 18989 | D:13     | Reached skill level 10 in Fire Magic
 19062 | D:13     | Reached skill level 13 in Conjurations
 19813 | D:14     | Found a gate to the Vaults.
 20112 | D:14     | Noticed a fire dragon
 20204 | Orc:1    | Entered Level 1 of the Orcish Mines
 20970 | Orc:2    | Entered Level 2 of the Orcish Mines
 21129 | Orc:1    | Reached XP level 14. HP: 77/94 MP: 17/29
 21570 | Orc:2    | Reached ****** piety under Kikubaaqudgha
 21982 | Orc:2    | Found a staircase to the Elven Halls.
 21991 | Orc:2    | Received a gift from Kikubaaqudgha
 22943 | Orc:2    | Found Yralanaj's General Store.
 22943 | Orc:2    | Found Dagri's Weapon Emporium.
 22944 | Orc:2    | Found Suquameast's Distillery.
 22944 | Orc:2    | Found Lykle's Distillery.
 23114 | Lair:1   | Entered Level 1 of the Lair of Beasts
 23479 | Lair:1   | Noticed Nergalle
 23499 | Lair:1   | Killed Nergalle
 24523 | Lair:2   | Upgraded the game from 0.28-a0-390-gb254ac4902 to
                  | 0.28-a0-407-g69098e2f6d
 24598 | Lair:2   | Slain by a komodo dragon

Illustrated notes

Levels and vault maps discovered:
D:1:      noname_arrival_rooms_in_the_neighbourhood, layout_rooms
D:2:      layout_basic, basic_ecumenical_altar, basic_altar
D:3:      minmay_wonky_spiral, layout_basic, chequers_big_river
D:4:      layout_basic, uniq_eustachio
D:5:      layout_basic, minmay_temple_entry_proselytizer
D:6:      layout_cave_pods, grunt_ministairs_7
D:7:      layout_rooms
D:8:      layout_layer_cave, mainiacjoe_overflow_tiny_flanked, uniq_gastronok
D:9:      layout_small_grid, minmay_overflow_temple_star_quad,
          david_lair_generic, enter_bailey_3
D:10:     layout_basic, old_standard_altar, nicolae_ru_great_annihilating_truth,
          grunt_decor_arrowhead, nicolae_zen_rock_garden, serial_bayou_pond_d,
          grunt_ministairs_3, uniq_psyche, uniq_maurice
D:11:     layout_irregular_city, erik_orc_2, uniq_snorg
D:12:     minmay_evil_eye, layout_irregular_city, nicolae_trove_entry_crystal
D:13:     layout_long_grid, gammafunk_ghost_abyssal_escape, corexii_corridor_pit
D:14:     layout_layer_cave, hangedman_vaults_entry_quadrant_bands,
          chequers_mini_garden
Temple:   eino_temple_scatter_basement
Lair:1:   layout_cave_pods, fungi_pond_lemuel, grunt_megastairs_4,
          serial_bayou_shore_a, uniq_nergalle
Lair:2:   layout_chaotic_city
Orc:1:    nicolae_orc_accident_1, layout_caves
Orc:2:    st_orc_pillars, layout_caves

Skill      XL: |  1  2  3  4  5  6  7  8  9 10 11 12 13 14 |
---------------+-------------------------------------------+-----
Fire Magic     | 3 4 6 7 8 9 10 | 10.9
Conjurations   | 2 4 5 7 9 10 11 12 13 | 13.9
Dodging        | 2 3 4 5 6 |  6.0
Spellcasting   | 3 4 5 6 8 9 10 11 12 | 12.4
Shields        | 1 2 3 |  3.3
Fighting       | 1 2 3 4 |  4.3
Evocations     | 1 2 |  2.3
Poison Magic   | 1 |  1.0
Air Magic      | 1 |  1.1
Necromancy     | 4 6 7 |  7.9
Earth Magic    | 3 4 |  4.0
Armour         | 1 2 |  2.7
Throwing       | |  0.7
Stealth        | |  1.8

Action                   |  1- 3 |  4- 6 |  7- 9 | 10-12 | 13-15 || total
-------------------------+-------+-------+-------+-------+-------++-------
Melee: Unarmed           |     2 |       |       |       |       ||     2
       Short sword       |    28 |       |       |       |       ||    28
       Kick              |     4 |     1 |    12 |    62 |    56 ||   135
       Trident           |       |    39 |       |       |       ||    39
       Dagger            |       |     8 |    72 |   204 |   196 ||   480
       Scimitar          |       |       |     5 |       |       ||     5
       Whip              |       |       |       |     8 |       ||     8
       War axe           |       |       |       |     5 |     9 ||    14
       Long sword        |       |       |       |       |     4 ||     4
Throw: Javelin           |       |       |       |     6 |       ||     6
 Cast: Foxfire           |    71 |    89 |   131 |   229 |   242 ||   762
       Sticky Flame      |       |     2 |    20 |    81 |    92 ||   195
       Fireball          |       |       |     4 |    61 |    91 ||   156
       Mephitic Cloud    |       |       |       |    44 |    52 ||    96
       Borgnjor's Vile C |       |       |       |       |     2 ||     2
Invok: Receive Forbidden |       |       |       |       |     1 ||     1
Evoke: Wand              |       |       |     4 |    11 |     1 ||    16
  Use: Scroll            |       |       |       |       |    13 ||    13
 Stab: Sleeping          |     1 |     3 |       |       |       ||     4
       Confused          |       |       |       |    10 |    16 ||    26
Armor: Robe              |     6 |     8 |    22 |    63 |    34 ||   133
       Troll leather arm |       |       |       |    24 |    34 ||    58
Dodge: Dodged            |    26 |    23 |    49 |   207 |   147 ||   452
Block: Other             |     4 |     6 |    15 |    42 |    14 ||    81
       Buckler           |       |       |       |       |   111 ||   111

Table legend: (Time is in decaauts)
 A = Elapsed time spent in this place.
 B = Non-inter-level travel time spent in this place.
 C = Inter-level travel time spent in this place.
 D = Time resting spent in this place.
 E = Time spent auto-exploring this place.
 F = Levels seen in this place.
 G = Mean time per level.
                   A        B        C        D        E       F      G
               +--------+--------+--------+--------+--------+-----+--------+
         Total |  24659 |  23859 |    800 |   3487 |  13852 |  20 | 1232.9 |
       Dungeon |  18461 |  17806 |    655 |   1918 |  11312 |  14 | 1318.6 |
        Temple |    264 |    230 |     34 |      0 |    188 |   1 |  264.0 |
          Lair |   1485 |   1457 |     28 |      7 |   1139 |   2 |  742.5 |
  Orcish Mines |   2796 |   2714 |     82 |    599 |    866 |   2 | 1398.0 |
        Bailey |   1651 |   1651 |      0 |    963 |    347 |   1 | 1651.0 |
               +--------+--------+--------+--------+--------+-----+--------+

Top non-repeatable levels by time:
    D:13: 1931 daAuts
   Orc:2: 1696 daAuts
     D:2: 1672 daAuts
     D:8: 1656 daAuts
  Bailey: 1651 daAuts
    D:10: 1576 daAuts
     D:6: 1442 daAuts
    D:12: 1356 daAuts
    D:11: 1306 daAuts
     D:4: 1254 daAuts
     D:9: 1241 daAuts
     D:5: 1209 daAuts
     D:3: 1180 daAuts
  Lair:1: 1164 daAuts
    D:14: 1128 daAuts
